 Dungeon Crawl Stone Soup version 0.31-a0-840-g6d2ecbb638 (webtiles) character file.

Game seed: 10471053272831854752

67 Ethylacetat the Changeling (level 4, -1/15 HPs)
             Began as a Vine Stalker Shapeshifter on Sept 27, 2023.
             Slain by an adder (2 damage)
             ... on level 3 of the Dungeon.
             The game lasted 00:01:23 (2001 turns).

Ethylacetat the Changeling (VSSh)                   Turns: 2001, Time: 00:01:23

Health: -1/15      AC:  2    Str: 16    XL:     4   Next: 18%
Magic:  0/5        EV: 12    Int: 10    God:
Gold:   162        SH:  0    Dex: 16    Spells: 3/3 levels left

rFire   . .          .
                       - Unarmed
rCold   . . .        (shield currently unavailable)
rNeg    . . .        a - +0 animal skin
rPois   .            (no helmet)
rElec   .            (no cloak)
rCorr   .            (no gloves)
SInv    .            (no boots)
Will    .....        (no amulet)
Stlth   +            (no ring)
HPRegen 1.02/turn    (no ring)
MPRegen 0.09/turn

%: guardian spirit
@: lethally poisoned (-1 -> -1), flux-form, glowing
A: glow, contaminating, reduced hp, fangs 2, regeneration 1, magic shield,
antimagic bite, no potion heal 2
a: Begin Untransformation


You were on level 3 of the Dungeon.
You were something dangerously unstable.
You visited 1 branch of the dungeon, and saw 3 of its levels.

You collected 162 gold pieces.

Inventory:

Armour
 a - a +0 animal skin (worn)
Talismans
 c - a beast talisman
 d - a flux talisman (active)
Scrolls
 e - 3 scrolls of identify {unknown}
 f - a scroll of enchant weapon {unknown}
 g - a scroll of vulnerability {unknown}
 i - a scroll of immolation {unknown}
 k - a scroll of poison {unknown}
Potions
 b - a potion of lignification
 h - 2 potions of degeneration {unknown}
 j - 2 potions of curing {unknown}
 l - a potion of berserk rage {unknown}
 m - a potion of cancellation {unknown}


   Skills:
 + Level 1.8 Fighting
 - Level 1.5 Dodging
 + Level 3.5 Unarmed Combat
 * Level 3.9 Shapeshifting


You had 3 spell levels left.
You didn't know any spells.
Your spell library contained the following spells:

 Spells                   Type           Power      Damage    Failure   Level
 Stone Arrow              Conj/Erth      0%         3d7       75%         3
 Animate Armour           Summ/Erth      0%         N/A       98%         4
 Lehudib's Crystal Spear  Conj/Erth      0%         10d2      100%        8


Dungeon Overview and Level Annotations

Branches:
Dungeon (3/15)

Altars:


Innate Abilities, Weirdness & Mutations

You are something dangerously unstable.
You glow with magical radiation, making you easy to see and hit.
Foes you strike become dangerously contaminated with magical radiation.
Your maximum health is decreased, since you lack skill for your form.
You are incapable of wielding weapons or throwing items.
You have extremely sharp teeth.
Your natural rate of healing is unusually fast.
When hurt, damage is shared between your health and your magic reserves.
Your bite disrupts and absorbs the magic of your enemies.
Potions cannot restore your health.


Message History

An orc comes into view. It is wielding a +0 club.
The orc shouts!
The orc moves out of view.
No target in view!
An adder comes into view.
The adder hisses angrily.
You hear a shout!
An orc comes into view. It is wielding a +0 flail.
Found a fuming green potion.
The orc shouts!
There are monsters nearby!
The orc hits you with a +0 flail!
You hit the orc.
The orc begins to glow.
Your bite misses the orc.
The orc is moderately wounded.
The orc closely misses you.
You hit the orc.
The orc glows dangerously bright.
The orc is heavily wounded.
The orc misses you. The orc hits you with a +0 club.
You hit the orc.
The orc shudders as magic cascades through it.
You kill the orc!
The orc hits you with a +0 club. The adder bites you.
You are poisoned.
The adder poisons you!
You are too injured to fight recklessly!
Unknown command.
You barely miss the adder. Your bite misses the adder.
You feel sick. The adder bites you but does no damage.
The orc hits you with a +0 club.
* * * LOW HITPOINT WARNING * * *
Unknown command.
You hit the adder.
The adder begins to glow.
The adder is moderately wounded.
You feel sick. The adder barely misses you. The orc hits you with a +0 club.
* * * LOW HITPOINT WARNING * * *
A kobold comes into view. It is wielding a +0 whip.
The kobold shouts!
You hit the adder but do no damage.
The adder glows dangerously bright.
You bite the adder, but do no damage.
The adder is moderately wounded.
You feel sick. The adder bites you.
You die...

#..........#...
#.#.#.....#.#K#
#.......#.....
###.#....##.#.#
#.............###
#...#.#.#.#.#......
#.#.#....#.........
# #...#.#.#S......!
..........po......
###..#.#..#)##.###
##...... .# ..
#.#.### ## .# #...
###


You could see an adder (heavy contam), an orc and a kobold.

Vanquished Creatures
  A gnoll (D:1)
  An adder (D:2)
  A worm (D:2)
  2 dart slugs
  An orc (D:3)
  2 endoplasms
  3 hobgoblins (D:1)
  6 jackals
  A quokka (D:1)
  2 ball pythons
  5 bats
  4 frilled lizards (D:1)
  3 goblins
  6 kobolds
  5 rats
43 creatures vanquished.

Notes
Turn   | Place    | Note
-------+----------+-------------------------------------------
     0 | D:1      | Ethylacetat the Vine Stalker Shapeshifter began the quest
                  | for the Orb.
     0 | D:1      | Reached XP level 1. HP: 9/9 MP: 2/2
    28 | D:1      | Reached skill level 1 in Fighting
    98 | D:1      | Reached XP level 2. HP: 8/14 MP: 1/3
   332 | D:1      | Reached XP level 3. HP: 18/18 MP: 2/4
  1224 | D:2      | Reached XP level 4. HP: 23/23 MP: 5/5
  2001 | D:3      | Slain by an adder

Illustrated notes

Levels and vault maps discovered:
D:1:      eino_arrival_water_star, layout_basic
D:2:      layout_basic, minmay_tree_intersection, minmay_goblin_kobold_house
D:3:      layout_basic, serial_aquarium, aquarium_bridge_long_joined
          [aquarium_subvault_bridge, aquarium_subvault_window,
          aquarium_subvault_wall, aquarium_subvault_wall,
          aquarium_subvault_wall, aquarium_subvault_balcony],
          aquarium_bridge_square [aquarium_subvault_balcony,
          aquarium_subvault_window, aquarium_subvault_bridge,
          aquarium_subvault_bridge], aquarium_window_corridor_3,
          aquarium_window_2, aquarium_window_1, aquarium_view_2e,
          hangedman_decor_riveting, roderic_filled_cross

Skill      XL: |  1 |
---------------+----+-----
Fighting       | 1 |  1.8
Dodging        | |  1.5
Unarmed Combat | |  3.5
Shapeshifting  | |  3.9

Action                     |  1- 3 |  4- 6 || total
---------------------------+-------+-------++-------
  Melee: Unarmed           |    71 |    23 ||    94
         Bite              |    17 |     5 ||    22
         Punch             |     1 |       ||     1
   Stab: Sleeping          |       |     1 ||     1
 Armour: Animal skin       |    33 |    15 ||    48
  Dodge: Dodged            |    47 |     9 ||    56
   Form: Flux              |       |     1 ||     1

Table legend: (Time is in decaauts)
 A = Elapsed time spent in this place.
 B = Non-inter-level travel time spent in this place.
 C = Inter-level travel time spent in this place.
 D = Time resting spent in this place.
 E = Time spent auto-exploring this place.
 F = Levels seen in this place.
 G = Mean time per level.
                   A        B        C        D        E       F      G
               +--------+--------+--------+--------+--------+-----+--------+
         Total |   1995 |   1961 |     34 |      0 |   1733 |   3 |  665.0 |
       Dungeon |   1995 |   1961 |     34 |      0 |   1733 |   3 |  665.0 |
               +--------+--------+--------+--------+--------+-----+--------+

Top non-repeatable levels by time:
     D:2: 960 daAuts
     D:1: 919 daAuts
     D:3: 115 daAuts
